 Dungeon Crawl Stone Soup version 0.18.1-50-g88ac8fd (webtiles) character file.

37 simplebreeze the Cudgeler (level 3, -1/24 HPs)
             Began as an Octopode Wanderer on Feb 8, 2017.
             Slain by a hound (2 damage)
             ... on level 4 of the Dungeon.
             The game lasted 00:00:38 (248 turns).

simplebreeze the Cudgeler (Octopode Wanderer)        Turns: 248, Time: 00:00:38

Health: -1/24      AC:  1    Str: 12    XL:     3   Next: 39%
Magic:  4/4        EV: 11    Int: 14    God:
Gold:   65         SH:  0    Dex: 11    Spells: 0 memorised, 4 levels left

rFire  . . .     SeeInvis .     b - +0 mace
rCold  . . .     Gourm    .     (no shield)
rNeg   . . .     Faith    .     (helmet restricted)
rPois  .         Spirit   .     (no amulet)
rElec  .         Dismiss  .     (no ring)
rCorr  .         Reflect  .     (no ring)
SustAt .         Harm     .     (no ring)
MR     .....                    (no ring)
Stlth  ++........               (no ring)
                                (no ring)
                                (no ring)
                                (no ring)

@: lethally poisoned (-1 -> -4), not resistant to hostile enchantments,
unstealthy
A: almost no armour, amphibious, 8 rings, constrict 8, camouflage 1, gelatinous
body 1
a: no special abilities


You were on level 4 of the Dungeon.
You were not hungry.

You visited 1 branch of the dungeon, and saw 4 of its levels.

You collected 65 gold pieces.

Inventory:

Hand Weapons
 b - a +0 mace (weapon)
Wands
 f - a wand of lightning (3/15)
Scrolls
 e - a scroll of fear {unknown}
Potions
 c - a potion of curing
Books
 a - a book of Frost

   Spells                             Type                      Level
   a - Freeze                         Ice                          1
   b - Throw Frost                    Conjuration/Ice              2
   c - Ozocubu's Armour               Charms/Ice                   3
   d - Throw Icicle                   Conjuration/Ice              4
   e - Summon Ice Beast               Ice/Summoning                4
Comestibles
 d - a bread ration


   Skills:
 + Level 2.2 Fighting
 + Level 4.2 Maces & Flails
 + Level 0.4 Stealth
   Level 2.0 Shields
 + Level 1.0 Spellcasting
   Level 2.0 Ice Magic


You had 4 spell levels left.
You didn't know any spells.

Dungeon Overview and Level Annotations

Branches:
Dungeon (4/15)
 Temple: D:4-7

Altars:
Ashenzari

Annotations:
D:3 Grinder


Innate Abilities, Weirdness & Mutations

You cannot wear most types of armour.
You are amphibious.
You can wear up to eight rings at the same time.
You can use your tentacles to constrict eight enemies at once.
Your skin changes colour to match your surroundings (Stealth).
Your rubbery body absorbs attacks (AC +1).


Message History

* * * LOW HITPOINT WARNING * * *
You hit the adder. Your grab misses the adder.
The adder is moderately wounded.
The adder barely misses you. The adder misses you.
You hit the adder. Your grab misses the adder.
The adder is severely wounded.
You feel sick. The adder closely misses you.
A hound comes into view.
The hound barks!
You hit the adder.
You kill the adder!
The hound barely misses you.
The hound pauses to sniff the ground.
The hound closely misses you.
You see here an adder corpse.
You feel sick. The hound bites you.
* * * LOW HITPOINT WARNING * * *
Found an emerald potion and a scroll labeled PECWAYDEDEL.
The hound bites you.
You die...

#. #..
...#..###
......(<#
####..#†# ....
#.# #####
#.####.##
#####!#h.......
.......@.....##
########.##..#
..# .!. ..?. ##
..### .## .# .#


You could see a hound.

Vanquished Creatures
  Jessica (D:2)
  An adder (D:4)
  2 giant newts
  A rat (D:3)
5 creatures vanquished.

Notes
Turn   | Place    | Note
--------------------------------------------------------------
     0 | D:1      | simplebreeze the Octopode Wanderer began the quest for the Orb.
     0 | D:1      | simplebreeze set off with: a book of Frost, a +0 mace, a potion of curing, a bread ration
     0 | D:1      | Reached XP level 1. HP: 14/14 MP: 2/2
    28 | D:2      | Found a shattered altar of Ashenzari.
    52 | D:2      | Noticed Jessica
    56 | D:2      | Killed Jessica
    56 | D:2      | Reached skill level 4 in Maces & Flails
    56 | D:2      | Reached XP level 2. HP: 12/19 MP: 3/3
    56 | D:2      | Reached XP level 3. HP: 15/24 MP: 4/4
   111 | D:3      | Noticed Grinder
   246 | D:4      | HP: 1/24 [hound (5)]
   248 | D:4      | Slain by a hound

Skill      XL: |  1 |
---------------+----+-----
Maces & Flails | 4 |  4.2
Fighting       | |  2.2
Stealth        | |  0.4
Shields        | |  2.0
Spellcasting   | |  1.0
Ice Magic      | |  2.0

Action                   || total
-------------------------++-------
Melee: Mace              ||    14
       Constrict         ||     1
 Stab: Sleeping          ||     2
Armor: Skin              ||     1
Dodge: Dodged            ||    10
